Map: Ulrena

Players

Nerchio - Winner!

  • Race: Zerg Zerg
  • League: Grandmaster

MMA

  • Race: Terran Terran

Event: Homestory Cup XII

VOD

Have the link to the VOD?

Description

Time

  • Played on: Dec. 20, 2015, 10:31 a.m.
  • Length: 9:59

All games in this series

Show
View Real Time Build Order
Export as new Build Order

Nerchio Zerg - Winner!

Build Orders: Hatch First 

Get SALT Encoding   

  12  0:00  Drone  
  13  0:12  Overlord  
  13  0:17  Drone  
  14  0:30  Drone x2  
  14  0:34  Drone  
  17  0:53  Hatchery  
  17  0:56  Drone  
  17  1:00  Drone  
  18  1:13  Spawning Pool  
  18  1:17  Drone  
  18  1:20  Drone  
  18  1:25  Extractor  
  18  1:29  Drone  
  19  1:38  Overlord  
  19  2:00  Queen, Zergling x4  
  23  2:05  Queen  
  23  2:06  Zergling x2  
  26  2:12  Drone  
  27  2:17  Drone  
  27  2:22  Drone, Extractor  
  28  2:28  Roach Warren  
  28  2:29  Extractor  
  27  2:32  Drone  
  28  2:39  Overlord  
  28  2:48  Overlord  
  26  2:54  Drone x2  
  27  3:08  Roach x3  
  27  3:10  Roach  
  35  3:13  Roach  
  35  3:18  Drone  
  35  3:19  Drone  
  39  3:21  Drone  
  39  3:24  Drone  
  41  3:27  Drone  
  41  3:29  Drone  
  41  3:33  Drone  
  44  3:36  Drone  
  44  3:38  Drone  
  46  3:42  Drone  
  46  3:43  Ravager  
  46  3:45  Drone  
  46  3:47  Drone  
  50  3:49  Drone  
  50  3:53  Overlord  
  49  3:57  Drone  
  49  3:59  Drone  
  51  4:09  Hatchery  
  50  4:12  Drone x2  
  50  4:14  Drone  
  50  4:15  Drone  
  54  4:17  Drone  
  54  4:19  Drone  
  54  4:21  Drone  
  54  4:23  Drone, Extractor  
  57  4:25  Drone  
  57  4:28  Spore Crawler  
  57  4:30  Spore Crawler  
  56  4:33  Roach  
  58  4:42  Drone x2  
  58  4:48  Drone x2  
  58  4:50  Evolution Chamber x2, Overlord  
  58  4:52  Overlord, Extractor  
  57  4:57  Queen  
  59  5:01  Extractor  
  59  5:02  Ravager  
  59  5:09  Drone x4  
  59  5:12  Drone  
  59  5:13  Lair  
  64  5:17  Drone  
  64  5:19  Drone  
  64  5:20  Drone x2  
  68  5:22  Drone  
  68  5:23  Drone  
  68  5:26  Zerg Missile Weapons Level 1  
  70  5:32  Roach x2  
  70  5:34  Ravager x2  
  70  5:35  Ravager  
  77  5:38  Roach  
  77  5:42  Roach x2  
  79  5:45  Roach  
  80  5:51  Roach  
  73  6:04  Queen x2  
  73  6:08  Spore Crawler  
  71  6:12  Drone  
  71  6:13  Drone x2  
  71  6:14  Drone x2  
  71  6:15  Drone x3  
  71  6:16  Drone  
  76  6:18  Drone  
  76  6:21  Glial Reconstitution  
  77  6:26  Drone x2  
  77  6:29  Drone  
  77  6:30  Zerg Ground Armor Level 1  
  80  6:34  Extractor  
  80  6:35  Extractor  
  80  6:37  Drone x2  
  80  6:38  Queen  
  79  6:42  Drone  
  82  6:47  Roach  
  82  6:48  Overlord  
  82  6:51  Overlord  
  82  6:56  Overlord  
  82  7:00  Overlord  
  82  7:07  Roach x2  
  88  7:08  Roach  
  88  7:12  Roach  
  88  7:13  Roach x3  
  96  7:16  Overlord x2  
  96  7:18  Roach  
  96  7:21  Roach x2  
  102  7:24  Zerg Missile Weapons Level 2  
  102  7:27  Roach  
  104  7:30  Roach  
  104  7:31  Roach  
  104  7:35  Roach  
  104  7:36  Hatchery  
  109  7:42  Roach  
  109  7:43  Roach  
  113  7:45  Roach x4  
  113  7:48  Roach x3  
  127  7:53  Overlord, Roach  
  127  7:57  Overlord  
  129  7:58  Overlord  
  125  8:06  Overlord, Roach x2  
  125  8:09  Overlord  
  125  8:11  Overlord  
  127  8:16  Ravager x4  
  127  8:17  Ravager x2  
  127  8:19  Roach x3  
  139  8:23  Roach  
  139  8:24  Roach  
  139  8:25  Roach  
  139  8:26  Roach  
  147  8:29  Roach  
  147  8:31  Roach  
  151  8:39  Roach x2  
  153  8:41  Roach x2  
  153  8:42  Roach  
  153  8:44  Roach x2  
  153  8:46  Roach  
  163  8:52  Roach  
  163  8:54  Roach x2  
  167  8:55  Roach  
  167  8:57  Roach  
  167  8:59  Roach  
  167  9:02  Roach  
  159  9:03  Roach x2  
  159  9:05  Roach  
  159  9:06  Roach  
  159  9:09  Roach x2  
  147  9:11  Roach  
  147  9:14  Roach  
  147  9:15  Roach  
  147  9:16  Roach  
  139  9:20  Roach  
  139  9:21  Roach  
  139  9:22  Roach  
  139  9:25  Ravager x3  
  139  9:26  Ravager  
  139  9:29  Roach  
  139  9:30  Ravager x2  
  145  9:32  Roach x2  
  145  9:33  Ravager  
  145  9:34  Ravager  
  145  9:35  Roach x2  
  155  9:39  Roach  
  155  9:40  Roach  
Show
View Real Time Build Order
Export as new Build Order

MMA Terran 

Build Orders: Reaper Expand, Bio Tank 

Get SALT Encoding   

  12  0:00  SCV  
  13  0:12  SCV  
  14  0:18  Supply Depot  
  14  0:25  SCV  
  15  0:40  SCV  
  15  0:41  Barracks  
  16  0:46  Refinery  
  16  0:52  SCV  
  17  1:04  SCV  
  18  1:16  SCV  
  19  1:28  Orbital Command  
  19  1:29  Reaper  
  20  1:40  Command Center  
  20  1:51  Supply Depot  
  20  1:54  SCV  
  20  2:01  Marine  
  21  2:05  Factory  
  21  2:07  SCV  
  23  2:11  Refinery  
  23  2:19  SCV  
  25  2:26  Barracks Reactor  
  24  2:32  SCV  
  24  2:37  Bunker  
  25  2:46  SCV  
  25  2:54  Orbital Command  
  25  2:57  Starport  
  25  2:59  SCV, Widow Mine  
  25  3:02  Marine x2  
  30  3:11  SCV  
  31  3:14  Supply Depot  
  31  3:20  Marine x2  
  31  3:23  SCV  
  31  3:25  SCV  
  35  3:29  Factory Tech Lab  
  34  3:35  SCV  
  34  3:37  SCV, Medivac  
  38  3:43  Marine x2  
  38  3:47  SCV  
  41  3:49  SCV, Siege Tank  
  45  4:00  SCV  
  45  4:01  SCV, Marine  
  46  4:11  Supply Depot  
  46  4:17  SCV x2  
  48  4:18  Medivac  
  48  4:20  Marine x2  
  52  4:25  Supply Depot  
  52  4:32  SCV x2, Siege Tank  
  55  4:40  Liberator  
  55  4:43  Marine x2  
  55  4:47  SCV x2  
  55  4:50  Supply Depot  
  57  4:53  Command Center  
  60  5:01  Marine x2  
  60  5:02  SCV  
  60  5:03  SCV  
  64  5:16  SCV x2  
  64  5:20  Marine x2  
  68  5:22  Supply Depot, Siege Tank  
  68  5:25  Barracks x2  
  68  5:28  SCV x2  
  73  5:38  Marine x2  
  73  5:40  SCV x2  
  76  5:43  Starport Reactor  
  76  5:50  Refinery  
  76  5:52  Engineering Bay x2  
  76  5:53  Refinery  
  76  5:56  SCV x2, Marine x2  
  73  6:04  Siege Tank  
  69  6:14  Marine x2  
  69  6:16  SCV x2  
  68  6:25  Barracks Tech Lab  
  68  6:30  Barracks x2  
  68  6:31  Marine  
  68  6:32  Marine  
  70  6:33  Terran Infantry Weapons Level 1  
  70  6:36  Siege Tank  
  70  6:39  Terran Infantry Armor Level 1  
  73  6:43  Barracks Tech Lab  
  73  6:44  Marine  
  73  6:47  SCV x2  
  75  6:48  Orbital Command  
  75  6:49  Marine x2  
  75  6:52  Supply Depot  
  75  6:53  Supply Depot  
  73  6:56  Stimpack  
  73  7:01  Combat Shields, Marine x2  
  73  7:07  SCV x2, Marine x2  
  79  7:15  Supply Depot  
  79  7:17  Refinery, Siege Tank, Orbital Command  
  79  7:20  Barracks Reactor  
  79  7:22  Barracks Reactor  
  82  7:23  SCV x2  
  82  7:25  Marine x3  
  82  7:28  Supply Depot  
  87  7:30  Supply Depot  
  87  7:35  SCV x2  
  89  7:38  Medivac, Marine  
  89  7:39  Medivac  
  89  7:42  Marine  
  89  7:43  SCV, Marine  
  97  7:46  Refinery, Marine  
  97  7:47  SCV x2  
  100  7:53  Siege Tank  
  100  7:55  SCV, Marine  
  105  7:59  SCV  
  105  8:00  SCV, Marine x2  
  105  8:05  Marine x2  
  103  8:07  Marine x2  
  103  8:08  SCV  
  103  8:11  SCV, Marine  
  103  8:12  SCV  
  111  8:13  Marine  
  111  8:17  Supply Depot  
  113  8:24  Supply Depot, Marine, Marauder  
  113  8:25  Marine x3  
  120  8:27  Concussive Shells, Marauder  
  120  8:28  Siege Tank, Medivac x2  
  120  8:32  Armory  
  127  8:38  Marine  
  127  8:39  Marine  
  122  8:42  Marine x2  
  122  8:45  Marine x2, Marauder  
  130  8:48  Marauder  
  130  8:50  SCV x2  
  130  8:54  SCV  
  115  8:56  Marine x2  
  115  9:02  SCV x2  
  99  9:06  SCV  
  81  9:10  Marauder  
  81  9:11  Marine  
  81  9:13  Marine  
  75  9:20  Marine  
  72  9:28  Marine  
  72  9:29  Marine x2  
Tags
 
Add a new tag
Caveats
  • Supply blocks, unpowered buildings, or Contaminate may cause inaccurate times.
  • Supply counts are checked every 10 seconds.